[Event "Titled Tuesday Blitz January 31 Early 2023"]
[White "Leiva, Gianmarco"]
[Black "Gressmann, Moritz"]
[WhiteFideId "3804399"]
[BlackFideId "24695084"]
[WhiteElo "2392"]
[BlackElo "2129"]
[Result "1-0"]
[Round "06"]
[TimeControl "180+2"]
[Date "2023.01.31"]
[WhiteClock "0:00:03"]
[BlackClock "0:00:02"]

1. e4 e5 2. Nf3 Nf6 3. Nxe5 d6 4. Nf3 Nxe4 5. Nc3 Nxc3 6. dxc3 Be7 7. Be3 O-O 8. Qd2 Bf6 9. h3 Nc6 10. g4 Ne5 11. Be2 Nxf3+ 12. Bxf3 Be5 13. O-O-O c6 14. Be4 Qa5 15. a3 d5 16. Bd3 Bc7 17. g5 Bb6 18. h4 Rd8 19. h5 d4 20. cxd4 Bg4 21. Qxa5 Bxa5 22. Rdg1 Bf3 23. Rh3 Bd5 24. f4 Bb6 25. c3 Rac8 26. f5 c5 27. dxc5 Bxc5 28. Bxc5 Rxc5 29. Re3 Bc6 30. g6 hxg6 31. hxg6 fxg6 32. Rxg6 Be8 33. Rge6 Bf7 34. Re7 Rcd5 35. Bc2 R5d7 36. Rxd7 Rxd7 37. Re5 Kf8 38. b4 a6 39. Kb2 b5 40. a4 Bc4 41. axb5 axb5 42. Kc1 Re7 43. Rxe7 Kxe7 44. Kd2 Kf6 45. Ke3 Bd5 46. Kf4 Bc6 47. Be4 Bd7 48. Bd3 Bc6 49. c4 bxc4 50. Bxc4 Bb7 51. Bd3 Ke7 52. Ke5 Bc8 53. b5 Bb7 54. Be4 Bc8 55. Bd5 Kd8 56. Be6 Bb7 57. Kd6 Be4 58. b6 g6 59. f6 g5 60. f7 Bc6 61. f8=Q+ Be8 62. Qe7# 1-0


[Site "https://www.chess.com"]

[Event "Titled Tuesday Blitz January 31 Early 2023"]
[White "Belov, Alexei"]
[Black "Samant Aditya S"]
[WhiteFideId "4128206"]
[BlackFideId "35080580"]
[WhiteElo "2421"]
[BlackElo "2501"]
[Result "0-1"]
[Round "06"]
[TimeControl "180+2"]
[Date "2023.01.31"]
[WhiteClock "0:00:03"]
[BlackClock "0:00:04"]

1. e4 c5 2. Nf3 d6 3. d4 cxd4 4. Nxd4 Nf6 5. Nc3 Nc6 6. Be2 e5 7. Nb3 Be7 8. O-O O-O 9. f4 a5 10. a4 Nb4 11. Kh1 Be6 12. f5 Bd7 13. Bg5 Bc6 14. Bxf6 Bxf6 15. Bf3 Rc8 16. Qe2 Qb6 17. Rfd1 Rfd8 18. Rac1 Bg5 19. Ra1 Ra8 20. Re1 Bh4 21. g3 Bg5 22. h4 Bh6 23. Rad1 Rac8 24. f6 g6 25. Kg2 Ra8 26. h5 Bg5 27. Nd2 Nxc2 28. Nc4 Qb3 29. Rf1 Nd4 30. Qd3 Nxf3 31. Rxf3 Qb4 32. Rf2 Rac8 33. Ne3 Bxa4 34. Ned5 Qc4 35. Ne7+ Kf8 36. Nxc8 Rxc8 37. Qxc4 Rxc4 38. Rxd6 Be8 39. hxg6 hxg6 40. Nd5 Rxe4 41. Rd8 Rd4 42. Rc2 Bxf6 43. Rxe8+ Kxe8 44. Nxf6+ Ke7 45. Ng8+ Kf8 46. Rc8+ Kg7 47. Ne7 Rd2+ 48. Kf3 Rxb2 49. g4 Kf6 50. Nd5+ Kg5 51. Rc7 f6 52. Rf7 Rb3+ 53. Ne3 e4+ 54. Kxe4 Rb4+ 55. Kf3 Rb6 56. Rd7 Rb5 57. Nc2 a4 58. Nd4 Ra5 0-1


[Site "https://www.chess.com"]

[Event "Titled Tuesday Blitz January 31 Early 2023"]
[White "Gureeva, Dina"]
[Black "Alex_Sahakyan2006"]
[WhiteFideId "4170695"]
[WhiteElo "2178"]
[BlackElo "2661"]
[Result "0-1"]
[Round "06"]
[TimeControl "180+2"]
[Date "2023.01.31"]
[WhiteClock "0:00:49"]
[BlackClock "0:00:53"]

1. d4 Nf6 2. c4 c5 3. dxc5 Na6 4. g3 Nxc5 5. Bg2 g6 6. Nf3 Bg7 7. O-O O-O 8. Nc3 d6 9. a3 Be6 10. Nd2 a5 11. Qc2 a4 12. b4 axb3 13. Nxb3 Bxc4 14. Nxc5 dxc5 15. Bxb7 Ra7 16. Bf3 Qb6 17. Bd2 Qe6 18. Rfb1 Rd7 19. Be3 Nd5 20. Nxd5 Bxd5 21. Bxd5 Rxd5 22. Ra2 h5 23. h4 Be5 24. Kg2 Rfd8 25. Qc4 Qc6 26. Qe4 Qe6 27. Rc2 Qd6 28. Rbc1 Bd4 29. Bf4 Qa6 30. e3 Bf6 31. Rxc5 Rxc5 32. Rxc5 Rd1 33. Qc4 Qxa3 34. Rc8+ Kg7 35. Bg5 Bxg5 36. hxg5 Qd6 37. Qe4 Rd5 38. Re8 Re5 39. Qf4 Qc6+ 40. Kg1 Rc5 41. Qd4+ e5 0-1


[Site "https://www.chess.com"]

[Event "Titled Tuesday Blitz January 31 Early 2023"]
[White "Atakhan, Abtin"]
[Black "Lucassen, Mickey"]
[WhiteFideId "22502203"]
[BlackFideId "12919110"]
[WhiteElo "2422"]
[BlackElo "2023"]
[Result "0-1"]
[Round "06"]
[TimeControl "180+2"]
[Date "2023.01.31"]
[WhiteClock "0:00:30"]
[BlackClock "0:01:09"]

1. d4 Nf6 2. c4 e6 3. Nf3 d5 4. Nc3 dxc4 5. e4 Bb4 6. Bxc4 Nxe4 7. O-O Nf6 8. Qa4+ Nc6 9. Ne5 Bd6 10. Nxc6 bxc6 11. Qxc6+ Bd7 12. Qf3 O-O 13. Bg5 Rb8 14. Bb3 h6 15. Bh4 Rb6 16. Rac1 a5 17. Ne4 Be7 18. Nxf6+ Bxf6 19. Bxf6 Qxf6 20. Qxf6 gxf6 21. Rxc7 Bb5 22. Rd1 a4 23. Bc2 Rd8 24. Rc3 Rbd6 25. Rc5 Be2 26. Re1 Rxd4 27. h3 Rd2 28. a3 Rb8 29. Rb1 Bd3 30. Bxd3 Rxd3 31. Rc4 Rxa3 32. bxa3 Rxb1+ 33. Kh2 Rb2 34. f3 Kg7 35. Rxa4 Ra2 36. Ra8 f5 37. Kg3 e5 38. Ra6 f4+ 39. Kh2 f5 40. h4 e4 41. fxe4 f3 42. Kg3 f2 0-1


[Site "https://www.chess.com"]

[Event "Titled Tuesday Blitz January 31 Early 2023"]
[White "Taspinar, Yanki"]
[Black "Skuhala, Barbara"]
[WhiteFideId "34561188"]
[BlackFideId "14605465"]
[WhiteElo "2262"]
[BlackElo "2153"]
[Result "0-1"]
[Round "06"]
[TimeControl "180+2"]
[Date "2023.01.31"]
[WhiteClock "0:00:02"]
[BlackClock "0:00:24"]

1. Nf3 Nf6 2. g3 b5 3. Bg2 Bb7 4. O-O a6 5. a4 b4 6. d3 a5 7. e4 c5 8. Nbd2 d6 9. Nc4 e6 10. b3 Be7 11. Bb2 O-O 12. Qe2 Nc6 13. h3 Rc8 14. Rfe1 d5 15. exd5 exd5 16. Nce5 Nxe5 17. Nxe5 Bd6 18. f4 Qc7 19. Ng4 Nxg4 20. Qxg4 d4 21. Bxb7 Qxb7 22. Kf2 Rfe8 23. Rad1 g6 24. Bc1 Qd5 25. Qd7 Red8 26. Qg4 Re8 27. Bd2 f5 28. Qh4 Kg7 29. g4 fxg4 30. hxg4 Rf8 31. Re4 g5 32. Qh5 Rf6 33. Rh1 h6 34. Ke2 Re6 35. Kd1 Rxe4 36. dxe4 Qxe4 37. Qxh6+ Kf7 38. Re1 Qf3+ 39. Kc1 Qd5 40. fxg5 Kg8 41. Re6 Bf8 42. Rg6+ Kf7 43. Qh7+ Ke8 44. Rf6 c4 45. Qg6+ Ke7 46. Qh7+ Ke8 47. Qh5+ Ke7 48. Ra6 cxb3 49. Qh7+ Kd8 0-1


[Site "https://www.chess.com"]

[Event "Titled Tuesday Blitz January 31 Early 2023"]
[White "Piesik, Piotr"]
[Black "Osiecki, Stanislaw"]
[WhiteFideId "1136194"]
[BlackFideId "1102990"]
[WhiteElo "2426"]
[BlackElo "2055"]
[Result "1-0"]
[Round "06"]
[TimeControl "180+2"]
[Date "2023.01.31"]
[WhiteClock "0:00:58"]
[BlackClock "0:00:02"]

1. Nf3 Nf6 2. g3 g6 3. Bg2 d6 4. O-O e5 5. d4 exd4 6. Nxd4 Bg7 7. c4 O-O 8. Nc3 Nbd7 9. Bg5 h6 10. Be3 Ng4 11. Bc1 Kh7 12. h3 Ngf6 13. Be3 Ne5 14. b3 a6 15. Qd2 Rb8 16. f4 Ned7 17. Bf2 Re8 18. e4 Nc5 19. Rfe1 Ne6 20. Nd5 Nxd4 21. Bxd4 Nxd5 22. cxd5 c5 23. dxc6 bxc6 24. Bxg7 Kxg7 25. Rad1 Qb6+ 26. Kh2 Rd8 27. Qc3+ Kh7 28. Qf6 Qc7 29. f5 Rb7 30. e5 Qe7 31. fxg6+ fxg6 32. Rxd6 Rxd6 33. Qxd6 Qxd6 34. exd6 Rd7 35. Bxc6 Rxd6 36. Re7+ Kg8 37. Re8+ Kf7 38. Rxc8 Rd2+ 39. Bg2 Rxa2 40. h4 Rb2 41. Kh3 Kf6 42. Bd5 a5 43. Ra8 Ra2 44. Bc4 h5 45. Ra6+ Kg7 46. Bd3 Ra3 47. Rxg6+ Kf7 48. Rb6 a4 49. Bg6+ Ke7 50. bxa4 Rxa4 51. Bxh5 Ra1 52. Bf3 1-0


[Site "https://www.chess.com"]

[Event "Titled Tuesday Blitz January 31 Early 2023"]
[White "Elgersma, Onno"]
[Black "Sokolovsky, Yahli"]
[WhiteFideId "1053531"]
[BlackFideId "2820242"]
[WhiteElo "2276"]
[BlackElo "2461"]
[Result "0-1"]
[Round "06"]
[TimeControl "180+2"]
[Date "2023.01.31"]
[WhiteClock "0:00:04"]
[BlackClock "0:00:10"]

1. e4 g6 2. d4 d6 3. Nf3 a6 4. Bc4 e6 5. O-O Bg7 6. Re1 Nf6 7. Bd3 O-O 8. c3 c5 9. Nbd2 cxd4 10. cxd4 Nc6 11. h3 b6 12. Nf1 Bb7 13. Ng3 h6 14. Be3 Rc8 15. Qd2 Kh7 16. b4 a5 17. a3 Qd7 18. Rac1 axb4 19. axb4 Na7 20. h4 h5 21. Bg5 Kg8 22. Bh6 Bxh6 23. Qxh6 Ng4 24. Qg5 Qd8 25. Qf4 Rxc1 26. Rxc1 Nc6 27. b5 e5 28. Qd2 Nxd4 29. Nxd4 exd4 30. Qf4 Qxh4 31. Rc7 Bc8 32. Qxd6 Be6 33. Qf4 Ra8 34. Rc1 Ra3 35. Be2 Qh2+ 36. Kf1 Rxg3 37. Bxg4 Qxg2+ 38. Ke2 Bxg4+ 39. Kd2 Rf3 40. Rc8+ Bxc8 0-1


[Site "https://www.chess.com"]

[Event "Titled Tuesday Blitz January 31 Early 2023"]
[White "Ajay, Karthikeyan"]
[Black "Ristic, Nebojsa B"]
[WhiteFideId "35011685"]
[BlackFideId "935468"]
[WhiteElo "2454"]
[BlackElo "2236"]
[Result "1-0"]
[Round "06"]
[TimeControl "180+2"]
[Date "2023.01.31"]
[WhiteClock "0:00:06"]
[BlackClock "0:00:07"]

1. e4 Nc6 2. Nf3 d6 3. d4 Nf6 4. Nc3 g6 5. h3 Bg7 6. d5 Nb8 7. a4 O-O 8. Be2 c6 9. a5 cxd5 10. exd5 Nbd7 11. Be3 b6 12. axb6 Nxb6 13. Qd2 Bb7 14. O-O Nfxd5 15. Nxd5 Nxd5 16. Rxa7 Rxa7 17. Bxa7 Bxb2 18. Rb1 Bc3 19. Qg5 Bf6 20. Qd2 Qa8 21. Bd4 Bxd4 22. Qxd4 Nf6 23. Ng5 h6 24. Bf3 Bxf3 25. Nxf3 Qd5 26. Qh4 Kg7 27. Re1 e5 28. c4 Qc5 29. Rd1 Rc8 30. Nd2 d5 31. cxd5 Qxd5 32. Kh2 Rc2 33. Qb4 Qd3 34. Qb1 Rc3 35. Qa1 Ra3 36. Qc1 Qf5 37. Nf3 e4 38. Qxa3 exf3 39. Qxf3 Qxf3 40. gxf3 g5 41. h4 Nh5 42. hxg5 hxg5 43. Kh3 Kg6 44. Rd4 f6 45. Ra4 Kf5 46. Kg2 Nf4+ 47. Kf1 Nd3 48. Ke2 Nf4+ 49. Ke3 Ng2+ 50. Kd3 Nf4+ 51. Kd4 Nh3 52. Ke3 Nf4 53. Ra5+ Kg6 54. Ke4 Nh3 55. Ra2 Nf4 56. Rd2 Nh3 57. Kd5 Nf4+ 58. Kd6 Kf5 59. Ke7 Ng6+ 60. Kf7 Ne5+ 61. Kg7 Nxf3 62. Rd6 g4 63. Rxf6+ Kg5 64. Rf8 Nh4 65. Kf7 Nf5 66. Ke6 Nh4 67. Rf7 Ng6 68. Rg7 Kh5 69. Kf6 Nh4 70. Rg5+ Kh6 71. Ra5 Nf3 72. Kf5 Nh2 73. Kf4 Kg6 74. Kg3 Nf3 75. Kxg4 Nd2 76. f4 Ne4 77. Ra6+ Kf7 78. Kf5 Ng3+ 79. Ke5 Ne2 80. f5 Ng3 81. Ra7+ Kf8 82. f6 Nh5 83. Kf5 Ng3+ 84. Ke6 1-0


[Site "https://www.chess.com"]

[Event "Titled Tuesday Blitz January 31 Early 2023"]
[White "Ashraf, Artin"]
[Black "Gurevich, Dmitry"]
[WhiteFideId "22514805"]
[BlackFideId "2000407"]
[WhiteElo "2314"]
[BlackElo "2393"]
[Result "1-0"]
[Round "06"]
[TimeControl "180+2"]
[Date "2023.01.31"]
[WhiteClock "0:00:23"]
[BlackClock "0:00:06"]

1. e4 c5 2. Nf3 d6 3. d4 cxd4 4. Nxd4 Nf6 5. Nc3 Nc6 6. Bg5 g6 7. Bxf6 exf6 8. Bb5 Bd7 9. O-O a6 10. Bc4 Bg7 11. Nde2 Qb8 12. Nd5 b5 13. Bb3 O-O 14. Ng3 h5 15. Qf3 Qd8 16. Qf4 Nd4 17. Rad1 h4 18. Rxd4 hxg3 19. fxg3 f5 20. exf5 Bxf5 21. Rdd1 Be5 22. Qf2 Be6 23. c3 Bxd5 24. Bxd5 Rc8 25. a3 Kg7 26. Rd3 Qc7 27. Rf3 f5 28. Kh1 Qc5 29. Qd2 Rce8 30. g4 f4 31. g5 Rh8 32. h3 Rh5 33. b4 Qb6 34. Rxf4 Bxf4 35. Qxf4 1-0


[Site "https://www.chess.com"]

[Event "Titled Tuesday Blitz January 31 Early 2023"]
[White "Koepke, Christian"]
[Black "Martinez Ramirez, Lennis"]
[WhiteFideId "4655737"]
[BlackFideId "3509079"]
[WhiteElo "2308"]
[BlackElo "2426"]
[Result "0-1"]
[Round "06"]
[TimeControl "180+2"]
[Date "2023.01.31"]
[WhiteClock "0:00:02"]
[BlackClock "0:00:48"]

1. e4 c5 2. Be2 d6 3. f4 Nc6 4. Nf3 g6 5. O-O Bg7 6. c3 Bg4 7. d3 Nf6 8. Be3 O-O 9. Nbd2 b5 10. h3 Bd7 11. d4 cxd4 12. cxd4 d5 13. e5 Ne4 14. Bd3 Nb4 15. Nxe4 Nxd3 16. Qxd3 Bf5 17. Qxb5 Bxe4 18. b3 f6 19. Nd2 Bf5 20. Rac1 Bh6 21. Nf3 Be4 22. Bd2 Rb8 23. Qc6 Rb6 24. Qc7 Ra6 25. Bb4 fxe5 26. Bxe7 Qxc7 27. Rxc7 Rxf4 28. Nxe5 Rxa2 29. Rc8+ Kg7 30. Bf8+ Rxf8 31. Rfxf8 Be3+ 32. Kf1 Bxg2+ 33. Ke1 Bxd4 34. Rf7+ Kh6 35. Ng4+ Kg5 36. Kd1 Bxh3 37. Rd8 Bxg4+ 38. Kc1 Ra5 0-1


[Site "https://www.chess.com"]

[Event "Titled Tuesday Blitz January 31 Early 2023"]
[White "Kalogeris, Ioannis"]
[Black "Koellner, Ruben Gideon"]
[WhiteFideId "4239563"]
[BlackFideId "12993093"]
[WhiteElo "2423"]
[BlackElo "2426"]
[Result "1/2-1/2"]
[Round "06"]
[TimeControl "180+2"]
[Date "2023.01.31"]
[WhiteClock "0:00:21"]
[BlackClock "0:00:12"]

1. e4 d6 2. d4 Nf6 3. Nc3 e5 4. Nf3 Nbd7 5. Bc4 Be7 6. a4 c6 7. O-O h6 8. Re1 Qc7 9. a5 Nf8 10. d5 Ng6 11. a6 b5 12. Bd3 b4 13. Nb1 c5 14. c3 Rb8 15. cxb4 Rxb4 16. Bd2 Rxb2 17. Ba5 Qd7 18. Nc3 O-O 19. Rb1 Rxb1 20. Qxb1 Nf4 21. Bb5 Qg4 22. g3 Nh3+ 23. Kg2 Nf4+ 24. Kg1 Qxf3 25. gxf4 Qxf4 26. Qd3 Nh5 27. Re3 Bh4 28. Rf3 Qg5+ 29. Kf1 Nf4 30. Qe3 Qg2+ 31. Ke1 Bg4 32. Rg3 Bxg3 33. hxg3 Qg1+ 34. Kd2 Ng2 35. Qd3 Qxf2+ 36. Kc1 Ne3 37. Bc7 Qe1+ 38. Kb2 Nd1+ 39. Nxd1 Bxd1 40. Bxd6 Qb4+ 41. Kc1 Bb3 42. Bxf8 Kxf8 43. d6 Qe1+ 44. Kb2 Qb4 45. d7 Be6+ 46. Kc1 Bxd7 47. Qxd7 Qc3+ 48. Kd1 g6 49. Qd6+ Kg7 50. Bd3 Qd4 51. Qxd4 cxd4 52. Kc2 Kf6 53. Kb3 Ke6 54. Bc4+ Ke7 55. Kb4 f5 56. Bd3 f4 57. gxf4 exf4 58. Kc4 g5 59. Kxd4 g4 60. e5 h5 61. Ke4 f3 62. Kf4 Ke6 63. Bc4+ Ke7 64. Kg3 Kd7 65. Bb3 Ke7 66. Bc4 Kd7 67. Bb3 Ke7 68. Bc2 Ke6 69. Bg6 Kxe5 70. Bxh5 Kd4 71. Bxg4 f2 72. Kxf2 Kc5 73. Ke2 Kb6 74. Bc8 Kc7 75. Bb7 Kb8 76. Kd3 Kc7 77. Kc4 Kb8 78. Kb4 Kc7 79. Ka5 Kb8 80. Be4 Kc7 81. Kb5 Kb8 82. Kc5 Kc7 83. Bd3 Kb8 84. Bc4 Kc7 85. Kd5 Kb8 86. Kd6 Kc8 87. Bb5 Kb8 88. Kc6 Ka8 89. Bc4 Kb8 90. Be6 Ka8 91. Bc8 Kb8 92. Bb7 1/2-1/2


[Site "https://www.chess.com"]

[Event "Titled Tuesday Blitz January 31 Early 2023"]
[White "Sipila, Vilka"]
[Black "Pein, Jonathan"]
[WhiteFideId "505455"]
[BlackFideId "417092"]
[WhiteElo "2427"]
[BlackElo "2265"]
[Result "1-0"]
[Round "06"]
[TimeControl "180+2"]
[Date "2023.01.31"]
[WhiteClock "0:01:03"]
[BlackClock "0:00:39"]

1. b3 a5 2. Bb2 a4 3. b4 e6 4. a3 Nf6 5. e3 c5 6. c4 cxb4 7. axb4 Bxb4 8. Rxa4 Rxa4 9. Qxa4 Nc6 10. Nf3 O-O 11. Be2 d6 12. O-O Re8 13. d4 Qa5 14. Qb3 d5 15. Nc3 dxc4 16. Bxc4 Bd7 17. Ra1 Qh5 18. h3 g5 19. d5 exd5 20. Nxd5 Nxd5 21. Bxd5 g4 22. hxg4 Qxg4 23. Bxf7+ Kf8 24. Bxe8 Bxe8 25. Ne5 Nxe5 26. Bxe5 Bc6 27. Bg3 Qe4 28. f3 Qe7 29. Ra8+ Kg7 30. Rg8+ Kh6 31. Bf4+ Kh5 32. g4+ Kh4 33. Qb2 Bd2 34. Qxd2 Qxe3+ 35. Qxe3 Bxf3 36. Qf2+ Kh3 37. Qg3# 1-0


[Site "https://www.chess.com"]

[Event "Titled Tuesday Blitz January 31 Early 2023"]
[White "Souleidis, Georgios"]
[Black "Iljin, Timofey"]
[WhiteFideId "4206827"]
[BlackFideId "14110180"]
[WhiteElo "2419"]
[BlackElo "2329"]
[Result "0-1"]
[Round "06"]
[TimeControl "180+2"]
[Date "2023.01.31"]
[WhiteClock "0:00:10"]
[BlackClock "0:00:08"]

1. e4 e5 2. Nc3 Nf6 3. d4 exd4 4. Qxd4 Nc6 5. Qd3 d6 6. Bg5 Be7 7. O-O-O Be6 8. f4 h6 9. Bh4 O-O 10. Nf3 a6 11. Kb1 b5 12. h3 Nb4 13. Qe3 c5 14. Bxf6 Bxf6 15. e5 Be7 16. exd6 Bxd6 17. Be2 Qc7 18. g3 Rad8 19. a3 Rfe8 20. Qf2 Nc6 21. Ne4 Ba2+ 22. Kxa2 Rxe4 23. Bd3 Re7 24. Rhe1 Red7 25. Qe3 Qa5 26. Kb1 b4 27. Qe4 Ne7 28. Qh7+ Kf8 29. Qh8+ Ng8 30. Bh7 Be5 31. Qxg8+ Ke7 32. Rxd7+ Rxd7 33. Rxe5+ Kf6 34. Rf5+ Ke6 35. Qe8+ Kd6 36. Qb8+ Ke7 37. Re5+ Kf6 38. Rf5+ Ke7 39. Qe5+ Kd8 40. Qe1 Qc7 41. Re5 Re7 42. Rxe7 Qd6 43. Re8+ Kc7 44. Qc1 bxa3 45. Re1 c4 46. bxa3 c3 47. Ka1 Qd5 48. Qb2 cxb2+ 49. Kxb2 Qb5+ 50. Kc1 Qd5 51. Bd3 Qxf3 52. Rf1 Qxg3 53. f5 Qg5+ 54. Kb2 Qf6+ 55. Ka2 Qd4 56. Kb1 Qb6+ 57. Kc1 Qd6 58. Kd1 Qxa3 59. Ke2 Qe7+ 60. Kf2 a5 61. Kg2 Qd6 62. Rb1 a4 63. Rb5 a3 64. Ra5 Qc6+ 65. Kf1 Qf3+ 66. Ke1 Qe3+ 67. Kf1 Qc1+ 68. Ke2 Qb2 69. Ra7+ Kb6 70. Ra6+ Kb7 71. Ra4 a2 72. Be4+ Kc7 73. Ra7+ Kd6 74. Bd3 a1=Q 75. Rxa1 Qxa1 76. Kf3 Ke5 0-1


[Site "https://www.chess.com"]

[Event "Titled Tuesday Blitz January 31 Early 2023"]
[White "Shohat, Yotam"]
[Black "Volkov, Maksim"]
[WhiteFideId "2813955"]
[BlackFideId "54123070"]
[WhiteElo "2346"]
[BlackElo "2258"]
[Result "1-0"]
[Round "06"]
[TimeControl "180+2"]
[Date "2023.01.31"]
[WhiteClock "0:00:04"]
[BlackClock "0:00:27"]

1. e4 c5 2. Nf3 d6 3. d4 cxd4 4. Nxd4 Nf6 5. Nc3 a6 6. h4 e5 7. Nb3 Be6 8. f4 Qc7 9. f5 Bc4 10. g4 Bxf1 11. Rxf1 h5 12. g5 Ng4 13. Nd5 Qd8 14. Be3 Nd7 15. Qd2 a5 16. a4 Qc8 17. Qd3 Qc6 18. Ke2 Be7 19. Rfd1 Bd8 20. Nc3 Ra6 21. Nb5 Ke7 22. c4 Nxe3 23. Kxe3 Bb6+ 24. Kf3 Bc5 25. Rac1 Rd8 26. Nc3 Ke8 27. Ke2 Bb4 28. Nd5 Nc5 29. Nxc5 Bxc5 30. b3 Bd4 31. Qf3 Kd7 32. Qxh5 Rf8 33. Qh7 Qc5 34. Qxg7 Raa8 35. Rd3 Qa3 36. Rc2 Qa1 37. Qf6 Rae8 38. Rd1 Qa3 39. Rxd4 exd4 40. Qxd4 Qxb3 41. Rb2 Qa3 42. Rxb7+ Kc8 43. Rc7+ Kd8 44. Qf6+ 1-0


[Site "https://www.chess.com"]

[Event "Titled Tuesday Blitz January 31 Early 2023"]
[White "Bilan, Danila"]
[Black "Fiorito, Joaquin"]
[WhiteFideId "24161918"]
[BlackFideId "180173"]
[WhiteElo "2303"]
[BlackElo "2405"]
[Result "1-0"]
[Round "06"]
[TimeControl "180+2"]
[Date "2023.01.31"]
[WhiteClock "0:00:05"]
[BlackClock "0:00:36"]

1. d4 Nf6 2. Nf3 d5 3. c4 e6 4. Nc3 c6 5. Bg5 Be7 6. e3 Nbd7 7. cxd5 Nxd5 8. Bxe7 Qxe7 9. Bd3 Nxc3 10. bxc3 O-O 11. Qc2 Nf6 12. O-O c5 13. Ne5 b6 14. Rfc1 Bb7 15. a4 Rfc8 16. Qe2 Rab8 17. a5 Nd5 18. axb6 axb6 19. h3 g6 20. Ba6 Bxa6 21. Qxa6 b5 22. Nc6 Rxc6 23. Qxc6 c4 24. Ra8 Rxa8 25. Qxa8+ Kg7 26. Qa5 Qb7 27. Rb1 b4 28. cxb4 c3 29. b5 Nb6 30. Qxc3 Nd5 31. Qc6 Qa7 32. b6 Qa2 33. Qc1 Nc3 34. Ra1 Qb3 35. Qe1 Nd5 36. Rb1 Qc2 37. b7 Nc3 38. b8=Q Nd5 39. Qe5+ Kh6 40. f3 f6 41. Qh4+ Kg7 42. Rb7+ Kf8 43. Qb8+ 1-0


[Site "https://www.chess.com"]

[Event "Titled Tuesday Blitz January 31 Early 2023"]
[White "Arabidze, Meri"]
[Black "Vetokhin, Ilia"]
[WhiteFideId "13604040"]
[BlackFideId "24156078"]
[WhiteElo "2441"]
[BlackElo "2305"]
[Result "1-0"]
[Round "06"]
[TimeControl "180+2"]
[Date "2023.01.31"]
[WhiteClock "0:00:26"]
[BlackClock "0:00:01"]

1. Nf3 Nf6 2. g3 e6 3. Bg2 Be7 4. O-O O-O 5. b3 d5 6. Bb2 b6 7. c4 Bb7 8. e3 Nbd7 9. Qe2 c5 10. Nc3 Qc7 11. d3 Rac8 12. Rad1 Rfd8 13. Ne1 Qb8 14. f4 Qa8 15. Nf3 a6 16. a4 d4 17. Nb1 Ng4 18. exd4 cxd4 19. Bxd4 Nc5 20. h3 h5 21. b4 Nxa4 22. Ba1 Bf6 23. hxg4 Bxa1 24. gxh5 Bf6 25. Ne5 Bxg2 26. Qxg2 Qxg2+ 27. Kxg2 b5 28. Ng4 bxc4 29. Nxf6+ gxf6 30. dxc4 Rxd1 31. Rxd1 Rxc4 32. Rd6 Rxb4 33. Nd2 Rb2 34. Kh3 Kg7 35. Ne4 Rb4 36. Nf2 a5 37. Ng4 Nc3 38. Rd8 a4 39. h6+ Kg6 40. Rg8+ Kh7 41. Rg7+ Kh8 42. Nxf6 Ne4 43. Rh7# 1-0


[Site "https://www.chess.com"]

[Event "Titled Tuesday Blitz January 31 Early 2023"]
[White "Toczek, Grzegorz"]
[Black "Royal, Shreyas"]
[WhiteFideId "1106457"]
[BlackFideId "448869"]
[WhiteElo "2260"]
[BlackElo "2438"]
[Result "0-1"]
[Round "06"]
[TimeControl "180+2"]
[Date "2023.01.31"]
[WhiteClock "0:00:24"]
[BlackClock "0:01:20"]

1. e4 c5 2. Nf3 d6 3. c3 Nf6 4. h3 g6 5. Bd3 Bg7 6. Bc2 O-O 7. d4 Nc6 8. O-O cxd4 9. cxd4 d5 10. e5 Ne4 11. Nbd2 Bf5 12. Nb3 Rc8 13. Be3 Nb4 14. Bb1 a5 15. a3 Nc6 16. Nh4 Bd7 17. Nf3 a4 18. Nbd2 Bf5 19. Nxe4 dxe4 20. Ne1 Nxe5 21. Qxa4 Nc4 22. Qb4 Bxd4 23. Bxd4 Qxd4 24. Nc2 Qxb2 25. Ne3 Qxb4 26. axb4 Nxe3 27. fxe3 h5 28. g4 hxg4 29. hxg4 Bxg4 30. Bxe4 Rc4 31. Rf4 Bf5 32. Bxf5 Rxf4 33. exf4 gxf5 34. Ra5 e6 35. Rb5 Rb8 36. Kf2 Kf8 37. Ke3 Ke7 38. Rb6 Kd7 39. Rb5 Kc6 40. Rc5+ Kd6 41. Rc2 Ra8 42. Rd2+ Kc6 43. Kd4 Rd8+ 0-1


[Site "https://www.chess.com"]

[Event "Titled Tuesday Blitz January 31 Early 2023"]
[White "Bruned, Yvain"]
[Black "Korchmar, Vasiliy"]
[WhiteFideId "2250292"]
[BlackFideId "24131750"]
[WhiteElo "2286"]
[BlackElo "2438"]
[Result "1/2-1/2"]
[Round "06"]
[TimeControl "180+2"]
[Date "2023.01.31"]
[WhiteClock "0:00:12"]
[BlackClock "0:00:04"]

1. b3 d5 2. Bb2 Nf6 3. e3 Nc6 4. Bb5 g6 5. Nf3 Bg7 6. Bxc6+ bxc6 7. O-O O-O 8. d3 Re8 9. Ne5 Qd6 10. d4 Nd7 11. Nxd7 Bxd7 12. Ba3 Qf6 13. Nd2 e5 14. c3 e4 15. Qe2 h5 16. h3 h4 17. Rfe1 Qg5 18. Kh1 a5 19. Nf1 f5 20. f4 exf3 21. Qxf3 Re6 22. Bc1 Qe7 23. Bd2 Re8 24. Qf2 Bh6 25. a3 Bc8 26. b4 Ba6 27. bxa5 Kg7 28. Rab1 Bd3 29. Rbc1 Qxa3 30. Ra1 Qe7 31. a6 Ra8 32. a7 Qd6 33. Ra5 Ree8 34. Qxh4 Be4 35. Qg3 Qe7 36. Kg1 Bg5 37. Nh2 Bh4 38. Qf4 Bxe1 39. Bxe1 Qd6 40. Bg3 Qxf4 41. Bxf4 Re7 42. Nf3 Bxf3 43. gxf3 Kf7 44. Kf2 Ke8 45. h4 Kd7 46. Be5 Kc8 47. Kg3 Kb7 48. Kf4 Rxa7 49. Rxa7+ Kxa7 50. Kg5 Re6 51. h5 gxh5 52. Kxh5 Re7 53. Kg5 Rf7 54. Kg6 Rf8 55. Kg7 Rc8 56. Kg6 Rf8 57. Bxc7 Ka6 58. Bd6 Re8 59. Be5 Rf8 60. Bd6 Re8 61. Be5 Kb5 62. Kxf5 Kc4 63. e4 Kxc3 64. exd5 cxd5 65. f4 Kd3 66. Kf6 Ke4 67. Kf7 Ra8 68. Kf6 Rf8+ 69. Ke7 Rf5 70. Ke6 Rh5 71. Kd6 Rh6+ 72. Kc5 Rh7 73. Kd6 Rh6+ 74. Kc5 Ra6 75. Kb5 Ra2 76. Kc5 Rf2 77. Kd6 Rf3 78. Ke6 Rf1 79. Kd6 Ra1 80. Kc5 Ra5+ 81. Kb6 Ra8 82. Kc6 Rd8 83. Kc7 Rg8 84. Kc6 Rg2 85. Kc5 Rf2 86. Kd6 Rf3 87. Kc5 Rf1 88. Kd6 Rd1 89. Kc5 Rc1+ 90. Kd6 Rc4 91. Ke6 Rc6+ 92. Kd7 Rh6 93. Kc7 Kf5 94. Bd6 Ke6 95. Kc6 Rh1 96. Be5 Rc1+ 97. Kb5 Kd7 98. Kb4 Kc6 99. f5 Rf1 100. f6 Rb1+ 101. Kc3 Rd1 102. Kc2 Re1 103. Kd3 Rf1 104. Ke3 Rf5 105. Kd3 Kd7 106. Kc3 Kc6 107. Kb4 Rf1 108. Kc3 Rf3+ 109. Kb4 Kb6 110. Ka4 Ka6 111. Kb4 Kb6 112. Ka4 Rf1 113. Kb4 Kc6 114. Kc3 Rc1+ 115. Kd2 Rh1 116. Ke3 Rh5 117. Kf4 Rh1 118. Kf5 Kd7 119. Kg6 Ke6 120. Kg5 Rf1 121. Kg4 Rf5 122. Kg3 Rf1 123. Kg4 Rf2 124. Kg3 Rf1 125. Kg4 1/2-1/2


[Site "https://www.chess.com"]

[Event "Titled Tuesday Blitz January 31 Early 2023"]
[White "Zhu, Jiner"]
[Black "Tymrakiewicz, Rafal"]
[WhiteFideId "8608059"]
[BlackFideId "1108832"]
[WhiteElo "2507"]
[BlackElo "2144"]
[Result "1-0"]
[Round "06"]
[TimeControl "180+2"]
[Date "2023.01.31"]
[WhiteClock "0:00:25"]
[BlackClock "0:00:07"]

1. c4 Nf6 2. Nc3 g6 3. e4 d6 4. d4 Bg7 5. h3 O-O 6. Be3 e5 7. d5 c6 8. Nf3 a6 9. Be2 b5 10. b3 b4 11. Na4 c5 12. Nd2 Nfd7 13. g4 Nb6 14. Nxb6 Qxb6 15. h4 f5 16. gxf5 gxf5 17. exf5 Bxf5 18. Rg1 Ra7 19. Bg4 Qd8 20. Bxf5 Rxf5 21. Qg4 Qf8 22. Ne4 Kh8 23. h5 Rf4 24. Bxf4 exf4 25. O-O-O Nd7 26. Qe6 Nf6 27. h6 Nxe4 28. hxg7+ Rxg7 29. Qxe4 Re7 30. Qg2 Re2 31. Rd2 f3 32. Qg5 Re5 33. Qg3 h6 34. Rd3 Rg5 35. Qh2 Qg7 36. Rxg5 Qa1+ 37. Kd2 Qb2+ 38. Ke3 Qe2+ 39. Kf4 Kh7 40. Re3 Qd2 41. Kxf3 Qd1+ 42. Kg2 1-0


[Site "https://www.chess.com"]

[Event "Titled Tuesday Blitz January 31 Early 2023"]
[White "Sielecki, Christof"]
[Black "Gheorghiu, Calin"]
[WhiteFideId "4620437"]
[BlackFideId "1200305"]
[WhiteElo "2419"]
[BlackElo "2313"]
[Result "0-1"]
[Round "06"]
[TimeControl "180+2"]
[Date "2023.01.31"]
[WhiteClock "0:00:14"]
[BlackClock "0:00:03"]

1. e4 c5 2. Nf3 d6 3. Bb5+ Nd7 4. c3 a6 5. Ba4 b5 6. Bc2 Bb7 7. O-O Ngf6 8. Re1 e5 9. d4 Be7 10. d5 O-O 11. b3 c4 12. bxc4 bxc4 13. Na3 Qc7 14. Rb1 Rfc8 15. Rb4 a5 16. Rxc4 Nc5 17. Nb5 Qd7 18. a4 Ba6 19. Ba3 Nxa4 20. Rxc8+ Rxc8 21. Bxa4 Bxb5 22. Bxb5 Qxb5 23. Nxe5 Rxc3 24. Nc6 Bf8 25. Qa1 Rc2 26. f3 Qb6+ 27. Kh1 Qf2 28. Rg1 Nh5 29. Bc1 Qh4 30. Rd1 Ng3+ 31. Kg1 Ne2+ 32. Kh1 Qf2 33. Bg5 Ng3+ 0-1


[Site "https://www.chess.com"]